 Dungeon Crawl Stone Soup version 0.29.1-1-gd02db6906a (webtiles) character file.

Game seed: 2944383508273723294

228 brightshaft the Trooper (level 6, -2/53 HPs)
             Began as a Gnoll Wanderer on Sept 24, 2022.
             Slain by an orc wizard
             ... wielding a +0 dagger
              (4 damage)
             ... on level 3 of the Dungeon.
             The game lasted 00:06:39 (2616 turns).

brightshaft the Trooper (Gnoll Wanderer)            Turns: 2616, Time: 00:06:40

Health: -2/53      AC:  3    Str: 12    XL:     6   Next: 2%
Magic:  5/11       EV: 12    Int: 13    God:
Gold:   15         SH:  0    Dex: 11    Spells: 8/11 levels left

rFire   . . .      SeeInvis .   a - +2 trident (vorpal)
rCold   . . .      Faith    .   (no shield)
rNeg    . . .      Spirit   .   c - +1 robe
rPois   .          Reflect  .   (no helmet)
rElec   .          Harm     .   (no cloak)
rCorr   .          Rampage  .   (no gloves)
Will    .....                   (no boots)
Stlth   ++........              (no amulet)
HPRegen 0.17/turn               (no ring)
MPRegen 0.12/turn               (no ring)

@: lethally poisoned (-2 -> -11)
A: fangs 1, strong nose, distributed training
a: no special abilities


You were on level 3 of the Dungeon.
You visited 1 branch of the dungeon, and saw 3 of its levels.

You collected 155 gold pieces.
You spent 140 gold pieces at shops.

Inventory:

Hand Weapons
 a - a +2 vorpal trident (weapon)
Missiles
 h - 5 poisoned darts
Armour
 c - a +1 robe (worn)
 s - a +0 ring mail
Magical Staves
 n - a staff of death
Jewellery
 i - a ring of ice
 m - a ring of willpower
 o - a ring of poison resistance
 q - an amulet of regeneration
Scrolls
 d - a scroll of fog
 k - a scroll of teleportation
 t - a scroll of blinking {unknown}
Potions
 b - 3 potions of haste
 e - a potion of cancellation {unknown}
 f - 3 potions of heal wounds
 g - 3 potions of ambrosia
 j - a potion of lignification {unknown}
 l - 2 potions of curing
 p - a potion of flight
 r - a potion of mutation {unknown}


   Skills:
 + Level 6.8 Fighting
 + Level 1.8 Short Blades
 + Level 1.8 Long Blades
 + Level 1.8 Axes
 + Level 1.8 Maces & Flails
 + Level 1.8 Polearms
 + Level 1.8 Staves
 + Level 1.8 Ranged Weapons
 + Level 1.8 Throwing
 + Level 1.8 Armour
 + Level 1.8 Dodging
 + Level 1.8 Stealth
 + Level 1.8 Shields
 + Level 1.8 Unarmed Combat
 + Level 3.3 Spellcasting
 + Level 2.5 Conjurations
 + Level 1.4 Hexes
 + Level 1.4 Summonings
 + Level 1.4 Necromancy
 + Level 5.6 Translocations
 + Level 1.4 Transmutations
 + Level 1.4 Fire Magic
 + Level 1.4 Ice Magic
 + Level 1.4 Air Magic
 + Level 1.4 Earth Magic
 + Level 1.4 Poison Magic
 + Level 2.0 Invocations
 + Level 4.9 Evocations


You had 8 spell levels left.
You knew the following spells:

 Your Spells              Type           Power      Damage    Failure   Level
a - Magic Dart            Conj           32%        1d4       8%          1
b - Call Imp              Summ           5%         N/A       19%         2

Your spell library contained the following spells:

 Spells                   Type           Power      Damage    Failure   Level
 Apportation              Tloc           32%        N/A       2%          1
 Portal Projectile        Hex/Tloc       22%        N/A       16%         3
 Dazzling Flash           Conj/Hex       14%        N/A       28%         3
 Mephitic Cloud           Conj/Pois/Air  6%         N/A       32%         3
 Iskenderun's Mystic Bla  Conj/Tloc      12%        2d5       38%         4


Dungeon Overview and Level Annotations

Branches:
Dungeon (3/15)

Altars:

Shops:
D:3 :=?!


Innate Abilities, Weirdness & Mutations

You have very sharp teeth.
Your uncanny sense of smell can sniff out nearby items.
Your experience applies equally to all skills.


Message History

Aim: a giant cockroach (about 40% to evade your +2 vorpal trident)
Okay, then.
You miss something. Something hits you but does no damage.
You closely miss something. Something hits you.
You barely miss something. Something hits you but does no damage.
You hear some strange, mumbled words.
A puff of flame appears from out of thin air!
The puff of flame hits you!
* * * LOW HITPOINT WARNING * * *
You barely miss something.
Your crimson imp closely misses something.
Something hits you.
* * * LOW HITPOINT WARNING * * *
You closely miss something.
Your crimson imp misses something.
Something hits you.
* * * LOW HITPOINT WARNING * * *
You feel better.
Your crimson imp blinks!
Something hits you but does no damage. Something hits you.
Your crimson imp disappears in a puff of smoke!
You hear some strange, mumbled words.
Something tries to affect you, but you resist.
A puff of flame appears from out of thin air!
The puff of flame hits you!
* * * LOW HITPOINT WARNING * * *
You hit the giant cockroach.
You kill the giant cockroach!
Something hits you.
* * * LOW HITPOINT WARNING * * *
You barely miss something. Your bite misses something.
The orc barely misses you. Something hits you.
* * * LOW HITPOINT WARNING * * *
The orc closely misses you. The orc barely misses you. The orc misses you.
Something hits you.
* * * LOW HITPOINT WARNING * * *
You closely miss the orc. The orc hits you but does no damage.
You are lethally poisoned!
Something hits you.
You die...

# # ######## # ####
#......# # .....
#......# #
.....####......# ###
..>.....#.o....# #..
...........@...# ###..
##...##.).o....# #....
#.
#.#......#########....
#..
#)####........†.......
####..###.#
#############....
.......§.o# #####
......5B### ....o†.o#
.........


You could see 2 orcs.

Vanquished Creatures
  Sigmund (D:3)
  A gnoll (D:1)
  3 dart slugs (D:2)
  5 orcs (D:3)
  2 endoplasms
  4 giant cockroaches
  3 goblins
  7 hobgoblins
  2 jackals (D:3)
  A quokka (D:3)
  3 ball pythons (D:1)
  3 bats
  6 frilled lizards
  4 kobolds
  3 rats
48 creatures vanquished.

Notes
Turn   | Place    | Note
-------+----------+-------------------------------------------
     0 | D:1      | brightshaft the Gnoll Wanderer began the quest for the Orb.
     0 | D:1      | brightshaft set off with the following items: a +0 dagger,
                  | a potion of haste, a +0 robe, a scroll of fog; and the
                  | following spells available to memorise: Apportation, Magic
                  | Dart, Portal Projectile, Dazzling Flash, Iskenderun's
                  | Mystic Blast.
     0 | D:1      | Reached XP level 1. HP: 23/23 MP: 4/4
     2 | D:1      | Learned a level 1 spell: Magic Dart
   120 | D:1      | Found a faded altar of an unknown god.
   308 | D:1      | Reached XP level 2. HP: 29/29 MP: 0/5
   628 | D:1      | You fall into a shaft and drop 1 floor!
   946 | D:2      | Reached XP level 3. HP: 35/35 MP: 7/7
  1122 | D:2      | Learned a level 2 spell: Call Imp
  1239 | D:2      | Reached skill level 1 in Invocations
  1412 | D:1      | Reached skill level 1 in Short Blades
  1412 | D:1      | Reached skill level 1 in Long Blades
  1412 | D:1      | Reached skill level 1 in Axes
  1412 | D:1      | Reached skill level 1 in Maces & Flails
  1412 | D:1      | Reached skill level 1 in Polearms
  1412 | D:1      | Reached skill level 1 in Staves
  1412 | D:1      | Reached skill level 1 in Ranged Weapons
  1412 | D:1      | Reached skill level 1 in Throwing
  1412 | D:1      | Reached skill level 1 in Armour
  1412 | D:1      | Reached skill level 1 in Dodging
  1412 | D:1      | Reached skill level 1 in Stealth
  1412 | D:1      | Reached skill level 1 in Shields
  1412 | D:1      | Reached skill level 1 in Unarmed Combat
  2291 | D:3      | Found Titrak's Distillery.
  2299 | D:3      | Bought a potion of flight for 30 gold pieces
  2299 | D:3      | Bought a potion of heal wounds for 50 gold pieces
  2299 | D:3      | Bought a potion of curing for 30 gold pieces
  2299 | D:3      | Bought a potion of curing for 30 gold pieces
  2335 | D:3      | Found Bupuo's Magic Scroll Boutique.
  2348 | D:3      | Reached XP level 4. HP: 26/41 MP: 8/8
  2354 | D:3      | Found Singuawef's Jewellery Emporium.
  2572 | D:3      | Found Donweschi's Book Emporium.
  2572 | D:3      | Noticed Sigmund
  2596 | D:3      | Killed Sigmund
  2597 | D:3      | Reached skill level 1 in Hexes
  2597 | D:3      | Reached skill level 1 in Summonings
  2597 | D:3      | Reached skill level 1 in Necromancy
  2597 | D:3      | Reached skill level 1 in Transmutations
  2597 | D:3      | Reached skill level 1 in Fire Magic
  2597 | D:3      | Reached skill level 1 in Ice Magic
  2597 | D:3      | Reached skill level 1 in Air Magic
  2597 | D:3      | Reached skill level 1 in Earth Magic
  2597 | D:3      | Reached skill level 1 in Poison Magic
  2597 | D:3      | Reached XP level 5. HP: 17/47 MP: 4/10
  2597 | D:3      | Reached XP level 6. HP: 19/53 MP: 4/11
  2615 | D:3      | HP: 1/53 [something (3)]
  2616 | D:3      | Slain by an orc wizard

Illustrated notes

Levels and vault maps discovered:
D:1:      minmay_arrival_three_doors, layout_loops_ring,
          ebering_ecumenical_altar_mist, serial_bayou_pond_e,
          nrook_mini_backslash
D:2:      layout_basic, hangedman_abyss_or_decor_stabs, minivault_27,
          minmay_pentomino_o2
D:3:      minmay_octagon_keep, layout_basic, serial_shops, shop, shop, shop,
          nicolae_shop_trees, shop, kennysheep_generic_room_13, uniq_sigmund

Skill      XL: |  1  2  3  4 |
---------------+-------------+-----
Conjurations   | 2 |  2.5
Invocations    | 1 2 |  2.0
Short Blades   | 1 |  1.8
Long Blades    | 1 |  1.8
Axes           | 1 |  1.8
Maces & Flails | 1 |  1.8
Polearms       | 1 |  1.8
Staves         | 1 |  1.8
Ranged Weapons | 1 |  1.8
Throwing       | 1 |  1.8
Armour         | 1 |  1.8
Dodging        | 1 |  1.8
Stealth        | 1 |  1.8
Shields        | 1 |  1.8
Unarmed Combat | 1 |  1.8
Spellcasting   | 3 |  3.3
Hexes          | 1 |  1.4
Summonings     | 1 |  1.4
Necromancy     | 1 |  1.4
Transmutations | 1 |  1.4
Fire Magic     | 1 |  1.4
Ice Magic      | 1 |  1.4
Air Magic      | 1 |  1.4
Earth Magic    | 1 |  1.4
Poison Magic   | 1 |  1.4
Fighting       | |  6.8
Translocations | |  5.6
Evocations     | |  4.9

Action                   |  1- 3 |  4- 6 || total
-------------------------+-------+-------++-------
Melee: Dagger            |    32 |       ||    32
       Bite              |     8 |     1 ||     9
       Trident           |    55 |    30 ||    85
 Cast: Magic Dart        |    26 |       ||    26
       Call Imp          |       |     3 ||     3
  Use: Scroll            |     8 |       ||     8
       Potion            |       |     1 ||     1
Armor: Robe              |     6 |     7 ||    13
       Ring mail         |     5 |       ||     5
Dodge: Dodged            |    50 |    19 ||    69
